Cogmind - Beta 17 @@@ ROGUE MODE // 2026.08.22 @ 08:48:14 Player: Six of Ten Result: Destroyed by S-27 Virus with Autogun Performance ------------- Evolutions (3) 1500 Regions Visited (7) 1400 Robots Destroyed (126) 630 Value Destroyed (4284) 4284 Prototype IDs (5) 100 Alien Tech Used (0) 0 Bonus (655) 655 TOTAL SCORE: 8569 Bonus ------- High Alert Combat Kills 380 Follower Combat Kills 75 Entered Garrisons 200 Cogmind --------- Core Integrity 0/700 Matter 243/300 Energy 85/100 System Corruption 1% Temperature Cool (0) Movement Core (100) Ox1 Location -7/Garrison Parts ------- > --- POWER (1) -------- (None) > --- PROPULSION (3) --- (None) > --- UTILITY (6) ------ Small Storage Unit Target Analyzer Hacking Suite > --- WEAPON (3) ------- (None) > --- INVENTORY (8) ---- Relay Coupler [NC] (31) Relay Coupler [Swarmer] (33) Relay Coupler [Sentry] (20) Component Analysis Suite Improved Datajack Plasma Cutter Peak State ------------ > --- POWER ------------ Light Angular Momentum Engine > --- PROPULSION ------- Light Treads Light Treads > --- UTILITY ---------- Improved Heat Sink Improved Heat Sink Small Storage Unit Target Analyzer Improved Light Armor Plating Hacking Suite > --- WEAPON ----------- Flak Gun Flak Gun Flak Cannon > --- INVENTORY -------- Relay Coupler [NC] Relay Coupler [Swarmer] Relay Coupler [Sentry] Component Analysis Suite Gatling Laser Beamcaster Improved Datajack Plasma Cutter [Rating: 36] Favorites ----------- Power Light Ion Engine Engine Light Ion Engine Power Core Light Nuclear Core Propulsion Light Treads Treads Light Treads Leg Aluminum Leg Wheel Compact Wheel Flight Unit Improved Flight Unit Utility Large Storage Unit Device Field Recycling Unit Storage Large Storage Unit Processor Target Analyzer Hackware Hacking Suite Protection Backup Plating I Weapon Light Assault Rifle Energy Gun EM Pulse Gun Ballistic Gun Light Assault Rifle Ballistic Cannon Improved Light Cannon Launcher Mini Grenade Launcher Special Weapon Plasma Cutter Impact Weapon Hammer Special Melee Weapon Datajack Build | -11 -10 -10 -9 -9 -8 -7 -7 ------- Run | Yrd Mat Min Mat Min Mat Fac Gar Slots Evolved 6 | . . . 2 . 2 2 . Power . | . . . . . . . . Propulsion 1 | . . . . . 1 . . Utility 4 | . . . 1 . 1 2 . Weapon 1 | . . . 1 . . . . Parts Attached 86 | 8 5 1 15 9 30 1 17 Power 9 | 1 . . 1 1 3 . 3 Engine 6 | 1 . . 1 1 2 . 1 Core 3 | . . . . . 1 . 2 Reactor . | . . . . . . . . Propulsion 20 | 2 . . 6 1 10 . 1 Treads 12 | 2 . . 4 1 4 . 1 Leg 1 | . . . . . 1 . . Wheel 5 | . . . 1 . 4 . . Hover . | . . . . . . . . Flight 2 | . . . 1 . 1 . . Utility 26 | 3 3 . 2 3 9 1 5 Device 9 | 2 1 . 1 2 . 1 2 Storage 4 | 1 1 . 1 . 1 . . Processor 2 | . . . . . 1 . 1 Hackware 2 | . 1 . . . . . 1 Protection 9 | . . . . 1 7 . 1 Artifact . | . . . . . . . . Weapon 31 | 2 2 1 6 4 8 . 8 Energy Gun 13 | 2 1 . 2 . 4 . 4 Energy Cannon . | . . . . . . . . Ballistic Gun 10 | . 1 1 2 1 3 . 2 Ballistic Cannon 3 | . . . 2 . . . 1 Launcher 2 | . . . . 2 . . . Special Weapon 1 | . . . . . . . 1 Impact Weapon 1 | . . . . 1 . . . Slashing Weapon . | . . . . . . . . Piercing Weapon . | . . . . . . . . Special Melee Weapon 1 | . . . . . 1 . . Unidentified Prototypes 5 | . . . 1 1 3 . . Parts Lost 56 | . . . 7 7 21 . 21 Power 7 | . . . 1 1 2 . 3 Propulsion 16 | . . . 2 2 8 . 4 Utility 12 | . . . 1 1 4 . 6 Weapon 21 | . . . 3 3 7 . 8 Highest Loss Streak 13 | . . . 3 7 11 . 13 To Critical Strikes . | . . . . . . . . Average Backups 11 | 6 10 15 14 12 10 8 7 Power . | . 1 1 1 . . . . Propulsion 3 | 4 5 5 5 5 1 1 . Utility 3 | . 2 5 2 2 4 1 2 Weapon 2 | . 1 3 3 2 2 3 2 Tool/Special . | . . . . . . . . Unused Backups 13 | 2 . . . . 6 . 5 Power . | . . . . . . . . Propulsion 3 | 2 . . . . 1 . . Utility 6 | . . . . . 3 . 3 Weapon 3 | . . . . . 2 . 1 Tool/Special 1 | . . . . . . . 1 Average Slot Usage (%) 92 | . 100 100 93 94 87 89 82 Engine 9 | . 14 14 10 10 7 7 1 Treads 18 | . 28 28 16 17 12 23 13 Wheel 4 | . . . 5 4 9 . . Device 7 | . 13 . 9 7 . 4 13 Storage 10 | . 14 14 11 11 8 7 7 Hackware 7 | . . 14 11 11 4 . 4 Protection 4 | . . . . 1 18 23 7 Energy Gun 10 | . 25 1 9 10 8 7 2 Ballistic Gun 9 | . 2 26 7 4 12 15 11 Ballistic Cannon 5 | . . . 11 6 . . 3 Peak Build Rating 36 | 9 10 10 19 21 25 26 36 Average Rating 15 | 6 8 9 15 14 20 24 29 On Entrance 13 | . 8 10 10 15 16 22 26 Avg Prop Armor Cover (%) 10 | . . . 9 14 9 . . Naked Turns . | . . . . . . . . Heaviest Build 69 | 12 28 26 43 43 69 28 33 Greatest Support 60 | 40 40 40 40 40 60 60 60 Greatest Overweight (x) 12 | 3 . . 12 1 6 . 4 Average Overweight (x) . | . . . 1 . . . . Largest Inventory Capacity 15 | 8 15 15 15 15 15 8 8 Average Capacity 13 | 7 14 15 15 15 11 8 8 Most Carried 15 | 8 15 15 15 15 15 8 8 Average Carried 11 | 6 10 15 14 12 10 8 7 Final Capacity 15 | 8 15 15 15 15 8 8 8 Final Carried 15 | 8 15 15 14 12 8 8 6 Class Distribution -------------------- 42% | Mutant 20% | Scavenger-Gunner 12% | Scavenger-Tank 11% | Scavenger-Skirmisher 7% | Scavenger-Mutant 4% | Gunner Dominant Class ---------------- Mutant | -10/Materials Mutant | -10/Mines Scavenger-Skirmisher | -9/Materials Scavenger-Mutant | -9/Mines Scavenger-Tank | -8/Materials Scavenger-Tank | -7/Factory Scavenger-Gunner | -7/Garrison Resources | -11 -10 -10 -9 -9 -8 -7 -7 ----------- Run | Yrd Mat Min Mat Min Mat Fac Gar Matter Collected 2624 | 270 73 27 737 185 880 . 452 Remotely . | . . . . . . . . Salvage Created 3520 | 132 452 38 948 111 1397 . 442 Parts 215 | 14 24 4 68 5 79 . 21 Haulers Intercepted 2 | . . . . . 2 . . Recyclers Shooed . | . . . . . . . . Parts Field Recycled 12 | . . . 12 . . . . Retrieved Matter 77 | . . . 77 . . . . Parts Self-Destructed . | . . . . . . . . Prevented . | . . . . . . . . Parts Restored . | . . . . . . . . Kills | -11 -10 -10 -9 -9 -8 -7 -7 ------- Run | Yrd Mat Min Mat Min Mat Fac Gar Combat Hostiles Destroyed 109 | . 10 3 25 20 38 . 13 Melee 1 | . . . . 1 . . . Guns 54 | . 8 3 13 1 22 . 7 Cannons 20 | . . . 11 3 . . 6 AOE 34 | . 2 . 1 15 16 . . Classes Destroyed 17 | 1 5 . 4 2 3 . 2 Worker 3 | . . . 1 . 2 . . Builder 6 | . 1 . 1 . 4 . . Tunneler 7 | 6 . . . . 1 . . Hauler 2 | . . . . . 2 . . Recycler 1 | . . . . . 1 . . Mechanic 2 | . . . 1 . 1 . . Operator 4 | . 2 . 1 . 1 . . Watcher 8 | . 1 . 5 . 2 . . Swarmer 18 | . 2 3 5 3 2 . 3 Grunt 53 | . 8 . 13 . 29 . 3 Brawler 2 | . . . 1 . 1 . . Duelist 1 | . . . . . 1 . . Sentry 15 | . . . 6 . 5 . 4 Demolisher 1 | . . . . 1 . . . Hunter 1 | . . . . . . . 1 Programmer 2 | . . . . . . . 2 Assembled 16 | . . . . 16 . . . Best Kill Streak 17 | 2 4 3 7 17 9 . 6 Combat Bots Only 17 | . 3 3 5 17 6 . 6 Max Kills in Single Turn 6 | 1 2 1 2 6 5 . 2 Gunslinging . | . . . . . . . . Exploded 6 | . 1 . 1 6 3 . . Melee 1 | . . . . 1 . . . Uniques/NPCs Destroyed . | . . . . . . . . Combat | -11 -10 -10 -9 -9 -8 -7 -7 -------- Run | Yrd Mat Min Mat Min Mat Fac Gar Hostile Shots Fired 791 | . 49 19 118 56 232 . 317 Missed 226 | . 14 5 24 14 62 . 107 Hits 565 | . 35 14 94 42 170 . 210 Melee 6 | . . . . 6 . . . Projectile 559 | . 35 14 94 36 170 . 210 AOE 4 | . . . . 4 . . . Critical Strikes 12 | . 2 . 3 . 4 . 3 Damage Taken 7568 | . 379 111 1109 821 2694 . 2454 Core 1522 | . 56 33 149 109 474 . 701 Absorbed by Shields . | . . . . . . . . Ignored by Resistances 38 | . . . . . 38 . . Regen/Repaired (Parts) 123 | . . . 123 . . . . Core Remaining (%) 53 | 100 . 64 . 35 13 . . Volleys Fired 275 | 13 41 7 70 14 93 . 37 Largest 3 | 2 2 2 3 3 3 . 3 Hottest 155 | 90 90 70 113 113 147 . 155 Shots Fired 654 | 26 82 14 191 30 212 . 99 Gun 493 | 26 82 14 100 14 186 . 71 Cannon 121 | . . . 91 8 . . 22 Launcher 34 | . . . . 8 26 . . Special 6 | . . . . . . . 6 Kinetic 375 | . 3 7 155 10 124 . 76 Thermal 200 | 26 72 7 16 . 62 . 17 Explosive 34 | . . . . 8 26 . . Electromagnetic 45 | . 7 . 20 12 . . 6 Robot Hit Streak 19 | 10 12 5 10 4 11 . 19 Robot Miss Streak 16 | 1 6 2 5 3 4 . 16 Penetration Max . | . . . . . . . . Secondary Targets 5 | . 1 2 . . 1 . 1 Max Gunslinging Chain 1 | . 1 1 . . 1 . 1 Shots Hit Robots 390 | 19 53 8 111 18 115 . 66 Core Hits 293 | 6 24 3 48 39 109 . 64 Critical Kills . | . . . . . . . . Critical Parts Destroyed 2 | . . . . . 2 . . Critical Strikes 15 | 2 4 1 3 . 5 . . Burn 10 | 2 4 1 . . 3 . . Destroy 2 | . . . . . 2 . . Blast 3 | . . . 3 . . . . Melee Attacks 5 | . . . . 5 . . . Impact 5 | . . . . 5 . . . Slashing . | . . . . . . . . Piercing . | . . . . . . . . Sneak Attacks 1 | . . . . 1 . . . Combat Hostiles . | . . . . . . . . Follow-up Attacks . | . . . . . . . . Damage Inflicted 11057 | 225 797 77 2004 1357 5320 . 1277 Guns 4200 | 225 650 77 862 43 1487 . 856 Cannons 1546 | . . . 1006 119 . . 421 Explosions 5146 | . 147 . 136 1030 3833 . . Melee 165 | . . . . 165 . . . Ramming . | . . . . . . . . Kinetic 3502 | . 17 27 1564 119 779 . 996 Thermal 2825 | 225 705 50 265 . 1351 . 229 Explosive 4220 | . . . . 1030 3190 . . Electromagnetic 345 | . 75 . 175 43 . . 52 Impact 165 | . . . . 165 . . . Slashing . | . . . . . . . . Piercing . | . . . . . . . . Highest Corruption 2 | . . . 2 2 . . 1 Average Corruption 1 | . . . 2 2 . . 1 Corruption Purged . | . . . . . . . . Corruption Blocked . | . . . . . . . . Effects 12 | . . . 3 7 . . 2 Message Errors 3 | . . . 2 1 . . . Matter Fused 4 | . . . . 2 . . 2 Heat Flow Errors 2 | . . . 1 1 . . . Data Loss (minor) 2 | . . . . 2 . . . Data Loss (major) 1 | . . . . 1 . . . Overload Shots . | . . . . . . . . Overflow Damage 162 | . . . 8 25 129 . . Projectiles . | . . . . . . . . Explosions 162 | . . . 8 25 129 . . Melee . | . . . . . . . . Knockbacks 19 | . . . 9 2 . . 8 Impact . | . . . . . . . . Kinetic 18 | . . . 8 2 . . 8 Secondary 1 | . . . 1 . . . . Self-Inflicted Damage 115 | . . . 40 . 75 . . Shots 3 | . . . 1 . 2 . . Rammed . | . . . . . . . . Targets Rammed . | . . . . . . . . Kicked . | . . . . . . . . Crushed . | . . . . . . . . Highest Temperature 420 | 64 216 110 311 237 420 . 266 Average Temperature 95 | 28 52 52 64 55 141 . 135 Received Heat Transfer 2607 | . 189 . 405 120 1467 . 426 Effects 11 | . . . . . 11 . . Shutdowns 1 | . . . . . 1 . . Interference 7 | . . . . . 7 . . Matter Decay 1 | . . . . . 1 . . Short Circuit 1 | . . . . . 1 . . Damage (minor) 1 | . . . . . 1 . . Siege Activations . | . . . . . . . . Martial Activations . | . . . . . . . . Shielding Activations . | . . . . . . . . Robots Disrupted . | . . . . . . . . Combat Hostiles . | . . . . . . . . Robots Corrupted . | . . . . . . . . Combat Hostiles . | . . . . . . . . Parts Fried 1 | . 1 . . . . . . Impact Corruptions . | . . . . . . . . Robots Melted . | . . . . . . . . Combat Hostiles . | . . . . . . . . Parts Melted 8 | 1 4 . . . 3 . . Heat Transferred 5967 | 767 2007 222 500 . 2023 . 448 Parts Sabotaged . | . . . . . . . . Parts Stolen . | . . . . . . . . Parts Stripped . | . . . . . . . . Power Chain Reactions 4 | . 2 . 2 . . . . Alert | -11 -10 -10 -9 -9 -8 -7 -7 ------- Run | Yrd Mat Min Mat Min Mat Fac Gar Maximum Alert Level 3 | . . . 1 . 3 1 2 Low Security (%) 73 | 100 100 100 98 100 20 . . Level 1 8 | . . . 1 . 15 100 39 Level 2 12 | . . . . . 31 . 60 Level 3 5 | . . . . . 32 . . Level 4 . | . . . . . . . . Level 5 . | . . . . . . . . High Security . | . . . . . . . . Max Security . | . . . . . . . . Peak Influence 774 | 10 136 109 202 83 774 327 492 Initial 327 | . . 39 . . 27 327 217 Average 161 | . 33 31 64 6 471 317 385 Influence Increases 3304 | 30 329 70 842 141 1408 4 480 Destroy 0b10 Robot/C 1900 | . 200 60 500 80 760 . 300 Destroy 0b10 Robot/NC 165 | 30 20 . 45 . 70 . . Destroy Leader 410 | . 52 10 150 20 158 . 20 Allied During Kill 6 | . . . . 4 . . 2 Successful Hack 56 | . . . 29 . 5 4 18 Select Force Hacks 60 | . 30 . 30 . . . . Disable Machine 105 | . . . 30 . 75 . . Anti-Garrison Action 200 | . . . . . 150 . 50 Destroy Structure 162 | . 12 . 13 37 100 . . Lose Combat Pursuer 240 | . 15 . 45 . 90 . 90 Influence Decreases 2857 | 30 229 170 842 68 761 413 344 Entered New Map 594 | . . 61 . . 46 393 94 Time Decay 1288 | 30 229 109 452 35 413 20 . Lost Part 490 | . . . 60 10 210 . 210 Lost Ally 63 | . . . . 23 . . 40 Purge Threat 422 | . . . 330 . 92 . . Squads Dispatched 15 | . 4 . 3 . 8 . . Investigation 6 | . 2 . 2 . 2 . . Extermination . | . . . . . . . . Reinforcement 5 | . 2 . 1 . 2 . . Assault 2 | . . . . . 2 . . Garrison 2 | . . . . . 2 . . Intercept . | . . . . . . . . Searches Triggered . | . . . . . . . . Construction Impeded 1 | . . . . . 1 . . Haulers Reinforced . | . . . . . . . . Active Scanning Responses . | . . . . . . . . Cargo Convoy Interrupts . | . . . . . . . . Stealth | -11 -10 -10 -9 -9 -8 -7 -7 --------- Run | Yrd Mat Min Mat Min Mat Fac Gar Distress Signals 7 | . 2 . 2 . 3 . . Communications Jammed . | . . . . . . . . Distress Signals . | . . . . . . . . Times Spotted 164 | . 17 3 40 26 56 . 22 Peak Tracking Total 13 | . 5 3 8 9 13 . 9 Tactical Retreats 8 | . 1 . 2 . 2 . 3 Traps | -11 -10 -10 -9 -9 -8 -7 -7 ------- Run | Yrd Mat Min Mat Min Mat Fac Gar Traps Triggered 8 | . 1 . 6 . 1 . . Indirectly . | . . . . . . . . Trap Hack Attempts . | . . . . . . . . Triggered . | . . . . . . . . Disarmed . | . . . . . . . . Reprogrammed . | . . . . . . . . Reused . | . . . . . . . . Traps Extracted . | . . . . . . . . Installed . | . . . . . . . . Triggered . | . . . . . . . . Machines | -11 -10 -10 -9 -9 -8 -7 -7 ---------- Run | Yrd Mat Min Mat Min Mat Fac Gar Machines Disabled 9 | . . . 2 . 6 . 1 Max in Single Turn 2 | . . . 1 . 2 . 1 Garrison Access 1 | . . . . . 1 . . Garrison Relay 1 | . . . . . . . 1 Machines Repaired . | . . . . . . . . Machines Dismantled 1 | . . . . . . . 1 Machines Sabotaged . | . . . . . . . . Overloaded Fab Kills . | . . . . . . . . Hacking | -11 -10 -10 -9 -9 -8 -7 -7 --------- Run | Yrd Mat Min Mat Min Mat Fac Gar Machines Accessed 26 | . 3 . 11 . 8 1 3 Terminals 18 | . 2 . 8 . 5 . 3 Fabricators . | . . . . . . . . Repair Stations 4 | . . . 2 . 2 . . Recycling Units 3 | . 1 . 1 . 1 . . Scanalyzers . | . . . . . . . . Garrison Access 1 | . . . . . . 1 . Total Hacks 79 | . 9 . 41 . 23 1 5 Successful 46 | . 5 . 24 . 14 1 2 Failed 32 | . 4 . 16 . 9 . 3 Catastrophic 4 | . . . 3 . 1 . . Database Lockouts 1 | . . . 1 . . . . Manual 53 | . 8 . 32 . 13 . . Terminals 65 | . 7 . 34 . 19 . 5 Fabricators . | . . . . . . . . Repair Stations 7 | . . . 5 . 2 . . Recycling Units 6 | . 2 . 2 . 2 . . Scanalyzers . | . . . . . . . . Garrison Access 1 | . . . . . . 1 . Terminal Hacks 17 | . 1 . 8 . 6 . 2 Record 2 | . . . 1 . 1 . . Part Schematic 1 | . 1 . . . . . . Robot Analysis 1 | . . . 1 . . . . Open Door 1 | . . . . . . . 1 Terminal Index 2 | . . . 1 . 1 . . Alert Level 2 | . . . 1 . 1 . . Unreport Threat 5 | . . . 3 . 2 . . Dispatch Records 1 | . . . 1 . . . . Patrol Status 1 | . . . . . 1 . . Garrison Registry 1 | . . . . . . . 1 Fabricator Hacks . | . . . . . . . . Repair Station Hacks 4 | . . . 3 . 1 . . Scan Component 2 | . . . 2 . . . . Repair 1 | . . . 1 . . . . Refit 1 | . . . . . 1 . . Recycling Unit Hacks 4 | . 1 . 1 . 2 . . Report Inventory 3 | . 1 . 1 . 1 . . Retrieve Components 1 | . . . . . 1 . . Scanalyzer . | . . . . . . . . Garrison Access Hacks 1 | . . . . . . 1 . Unlock Access 1 | . . . . . . 1 . Unauthorized Hacks 20 | . 3 . 12 . 5 . . Terminals 18 | . 2 . 11 . 5 . . Track 2 | . . . 2 . . . . Botnet 15 | . 2 . 8 . 5 . . Operators 1 | . . . 1 . . . . Fabricators . | . . . . . . . . Repair Stations . | . . . . . . . . Recycling Units 2 | . 1 . 1 . . . . Tunnel 2 | . 1 . 1 . . . . Scanalyzers . | . . . . . . . . Garrison Access . | . . . . . . . . Data Cores Recovered 1 | . . . 1 . . . . Used . | . . . . . . . . Hacking Detections 23 | . 2 . 10 . 8 . 3 Full Trace Events 2 | . 1 . . . 1 . . Feedback Events . | . . . . . . . . Feedback Blocked . | . . . . . . . . Robot Schematics Acquired . | . . . . . . . . Robots Built . | . . . . . . . . Authchips . | . . . . . . . . Time . | . . . . . . . . Total Robot Build Rating . | . . . . . . . . Part Schematics Acquired 1 | . 1 . . . . . . Parts Built . | . . . . . . . . Authchips . | . . . . . . . . Time . | . . . . . . . . Total Part Build Rating . | . . . . . . . . Part Studies Acquired . | . . . . . . . . Parts Repaired 1 | . . . 1 . . . . Time 32 | . . . 32 . . . . Parts Recycled . | . . . . . . . . Recycled Matter . | . . . . . . . . Retrieved Matter . | . . . . . . . . Retrieved Components 10 | . . . . . 10 . . Parts Scanalyzed . | . . . . . . . . Part Schematics Acquired . | . . . . . . . . Parts Damaged . | . . . . . . . . Bothacking | -11 -10 -10 -9 -9 -8 -7 -7 ------------ Run | Yrd Mat Min Mat Min Mat Fac Gar Used RIF Installer . | . . . . . . . . Robots Hacked . | . . . . . . . . Non-combat . | . . . . . . . . Combat . | . . . . . . . . Robot Hacks Applied . | . . . . . . . . Relay Couplers Released 6 | . . . . . 1 . 5 Machine Destruction 6 | . . . . . 1 . 5 Fabnet Peak Effective % . | . . . . . . . . Robots Rewired . | . . . . . . . . Allies Hacked . | . . . . . . . . Hacks Repelled . | . . . . . . . . Allies | -11 -10 -10 -9 -9 -8 -7 -7 -------- Run | Yrd Mat Min Mat Min Mat Fac Gar Total Allies 4 | . . . . 2 . . 2 Largest Group 2 | . . . . 2 . . 2 Highest-Rated Group 62 | . . . . 51 . . 62 Highest-Rated Ally 31 | . . . . 31 . . 31 Total Orders . | . . . . . . . . Ally Attacks 32 | . . . . 14 . . 18 Total Damage 507 | . . . . 171 . . 336 Kills 6 | . . . . 4 . . 2 Allies Corrupted . | . . . . . . . . Allies Melted . | . . . . . . . . Intel | -11 -10 -10 -9 -9 -8 -7 -7 ------- Run | Yrd Mat Min Mat Min Mat Fac Gar Active Infowar (turns) 1111 | 60 372 . 614 . 65 . . Terrain 656 | 42 . . 614 . . . . Seismic 390 | 18 372 . . . . . . T.N.C. 65 | . . . . . 65 . . Robot Analysis Total 1 | . . . 1 . . . . Derelict Logs Recovered 1 | . . . . 1 . . . Drone Launches . | . . . . . . . . Drone Recoveries . | . . . . . . . . Exploration | -11 -10 -10 -9 -9 -8 -7 -7 ------------- Run | Yrd Mat Min Mat Min Mat Fac Gar Turns Passed 5460 | 279 890 379 1879 388 1007 53 585 Spaces Moved 2451 | 127 296 216 826 203 518 32 233 Core 51 | 15 . . 6 . 11 . 19 Treads 1455 | 112 296 216 362 70 153 32 214 Legs . | . . . . . . . . Wheels 886 | . . . 458 133 295 . . Hover . | . . . . . . . . Flight 59 | . . . . . 59 . . Fastest Speed 40 | 50 160 160 115 115 40 160 100 Average Speed 150 | 155 160 160 156 155 122 160 162 Slowest Speed 650 | 200 160 160 650 240 170 160 250 Overloaded Moves . | . . . . . . . . Propulsion Burnouts . | . . . . . . . . Robots Hopped 1 | . . . . . 1 . . Potential Cave-ins . | . . . . . . . . Cave-ins Triggered . | . . . . . . . . Exploration Rate (%) 37 | 8 52 44 68 56 36 1 33 Regions Visited 7 Branch Regions 2 Pre-discovered Areas 3 | . 1 . 1 1 . . . Known Exits Taken 1 | . . . . . . 1 . Unknown Exits Taken 6 | 1 1 1 1 1 1 . . Scrap Searched 1 | . . 1 . . . . . Spaces Dug . | . . . . . . . . Terrain Destroyed 191 | . 12 . 5 47 127 . . Melee . | . . . . . . . . Projectile 6 | . . . 5 1 . . . AOE 185 | . 12 . . 46 127 . . Terrain Rammed . | . . . . . . . . Walls Destroyed . | . . . . . . . . Machines Disabled . | . . . . . . . . Actions | -11 -10 -10 -9 -9 -8 -7 -7 --------- Run | Yrd Mat Min Mat Min Mat Fac Gar Total 3658 | 180 629 237 1262 237 735 33 345 Wait 720 | 21 278 13 313 1 55 . 39 Move 2443 | 126 295 215 825 202 515 32 233 Hop 1 | . . . . . 1 . . Pick Up 46 | 9 6 . 7 3 15 . 6 Fast Attach 56 | 8 1 1 17 2 17 1 9 Attach 28 | . . . 8 5 12 . 3 Detach 7 | 1 1 . 1 . 4 . . Swap 38 | . 6 . 10 5 8 . 9 Drop 36 | 2 1 1 11 . 15 . 6 Fire 275 | 13 41 7 70 14 93 . 37 Melee 5 | . . . . 5 . . . Ram . | . . . . . . . . Kick . | . . . . . . . . Crush . | . . . . . . . . Escape Stasis . | . . . . . . . . Rewire . | . . . . . . . . Trap . | . . . . . . . . Miscellaneous 3 | . . . . . . . 3 Route ------- -11/Scrapyard -10/Materials -10/Mines (discovered 2 exits: *Mat x2) -9/Materials (discovered 3 exits: *Mat x2 / [*Min]) -9/Mines -8/Materials -7/Factory -7/Garrison (discovered 3 exits: [Sto x3]) History --------- Turn | Location | Event 24 | -11/Scrapyard | Discovered new exit (range 15) 280 | -11/Scrapyard | Entered Materials 305 | -10/Materials | Build established: Mutant 1068 | -10/Materials | Discovered new exit (range 16) 1170 | -10/Materials | Entered Mines 1217 | -10/Mines | Discovered new exit (range 5) 1275 | -10/Mines | Discovered new exit (range 12) 1549 | -10/Mines | Entered Materials 1549 | -9/Materials | Evolved 2 slots: Utility x1, Weapon x1 2183 | -9/Materials | Build established: Scavenger-Skirmisher 2286 | -9/Materials | Lost 3 parts (1n1u1w) 2437 | -9/Materials | Discovered new exit (range 8) 2617 | -9/Materials | Repaired Imp. Light Cannon 2769 | -9/Materials | Build established: Mutant 2781 | -9/Materials | Central database locked down 2957 | -9/Materials | Discovered new exit (range 7) 3238 | -9/Materials | Discovered new exit (range 8) 3428 | -9/Materials | Entered Mines 3500 | -9/Mines | Build established: Scavenger-Gunner 3564 | -9/Mines | Assembled infested the area 3607 | -9/Mines | Discovered new exit (range 12) 3623 | -9/Mines | Core integrity fell below 50% 3664 | -9/Mines | Destroyed 17 combat bots 3671 | -9/Mines | Lost 7 parts (1p2n1u3w) 3782 | -9/Mines | Found a damaged Exp. Sensor Array with a note attached 3784 | -9/Mines | Found Prototype Device 3785 | -9/Mines | Identified Exp. Sensor Array 3816 | -9/Mines | Entered Materials 3816 | -8/Materials | Evolved 2 slots: Propulsion x1, Utility x1 3892 | -8/Materials | Build established: Scavenger-Mutant 3905 | -8/Materials | Garrison activated, responded to threat 4282 | -8/Materials | Lost 11 parts (2p4n2u3w) 4291 | -8/Materials | Core integrity fell below 50% 4358 | -8/Materials | Lost 5 parts (2n1u2w) 4399 | -8/Materials | Core integrity fell below 20% 4671 | -8/Materials | Discovered new exit (range 15) 4772 | -8/Materials | Build established: Scavenger-Tank 4823 | -8/Materials | Entered Factory 4823 | -7/Factory | Evolved 2 slots: Utility x2 4876 | -7/Factory | Identified exit to Garrison 4876 | -7/Factory | Entered Garrison 4898 | -7/Garrison | Triggered checkpoint 4990 | -7/Garrison | Lost 8 parts (1p2n3u2w) 5059 | -7/Garrison | Rescued a captive Derelict 5060 | -7/Garrison | Rescued a captive Derelict 5098 | -7/Garrison | Garrison Relay disabled 5253 | -7/Garrison | Build established: Scavenger-Gunner 5364 | -7/Garrison | Discovered new exit (range 19) 5364 | -7/Garrison | Discovered new exit (range 47) 5364 | -7/Garrison | Discovered new exit (range 57) 5396 | -7/Garrison | Triggered checkpoint 5400 | -7/Garrison | Triggered checkpoint 5425 | -7/Garrison | Core integrity fell below 50% 5448 | -7/Garrison | Core integrity fell below 20% 5461 | -7/Garrison | Destroyed by S-27 Virus with Autogun Last Messages --------------- 05402_ Lgt. Angular Momentum Engine destroyed. 05407_ S-27 Virus destroyed. 05408_ C-30 ARC bursts open, deploying its payload. 05408_ S-27 Virus unfolds itself. 05417_ Flak Gun destroyed. 05418_ Flak Cannon destroyed. 05419_ Lgt. Treads destroyed. 05420_ Imp. Heat Sink destroyed. 05421_ Y-54 Guardian destroyed. 05421_ Switching to secondary target: Y-54 Guardian. 05423_ Flak Gun destroyed. 05425_ Y-54 Guardian destroyed. 05430_ Gatling Laser destroyed. 05439_ Beamcaster destroyed. 05448_ System corrupted: Matter fused (-8). 05453_ Acquired Shock Rifle. 05453_ Imp. Heat Sink destroyed. 05458_ Acquired Lgt. Nuclear Core. 05460_ Shock Rifle destroyed. 05460_ Lgt. Nuclear Core destroyed. Map ----- +----------------------------------------------------+ | ???????????????????????????????#"""""#???????????? | | ???????????????????????????????#" "#???????????? | | ???????????????????????????????#" "#???????????? | | ???????????????????????????????#" "#???????????? | | ???????????????????????????????#"" "#???????????? | | ???????????????????????????????### ##???????????? | | ?????????????????????????????????# ##????????????? | | ?????????????????????????????????# ###???????????? | | ?????????????????????????????????# #"#???????????? | | ?????????????????????????????????#! "#???????????? | | ?????????????????????????????????# ! #???????????? | | ?????????????????????????????????#/[ #???????????? | | ?????????????????????????????????# # #???????????? | | ?????????????????????????????????# ###???????????? | | ?????????????????????????????????# #?????????????? | | ?????????????????????????????????# #?????????????? | | ?????????????????????????????????# #???????####### | | ???????????????????????????????### #???????# | | ?????????????#####???????####### #???????## ## | | ?????????????# #???????# + #???????#"""""# | | ?????????????# #########+##### #?####??####### | | ?????????????# = ^^#???### #?# #????????? | | ?????????????# [=#?????# ### ##?????#### | | ?????????????######+#####[ ####### ## T#????## | | ??????????????????# #???# #????# | | ??????????????????# #???#@ ####+##### #????# | | ??????????????????# #???# #??# #???#####????# | | ??????????????????# #???#=!#??# #????????????## | | ???##############?# #???# #??# #?????????????#### | | ???#"""""" #?# ##### s#### ######????????#### | | ???#" "" " ### +ss+ #????????# | | ??##" " ##%[ ######## #### #### #????????# ## | | ??#" # *%=######## s#??# #??# #?######?# #? | | ??#" ## *% #??# #??# #?# #?# #? | | ??#"* ############# #### #?##+###% ###+## | | ??#" """#????????# #T##+### %=% ^^ ^# | | ??#" "#????##### [%[ ^^ " | | ??#" "* " ""#????#" %%[ = ^ "% | | ??#" " "" " ""#????#"T"###########^^^## ## # | | ??#"""""""" "#????#####???????###^^^## ## # | | ??##############????????????????# " | | ????????????????????????????????# " | | ?????????????????##########?????# " | | ?????????????????# #?????# " | | ?????????????????#]]]]]]# #?????### ## ## # | | ?????????????????########+######### ## ## # | | ????????????????????????# | | ????????????????????????# | | ????????????????????????# ######## # | | ????????????????????????# #??????##+###""""## ## | +----------------------------------------------------+ Best States ------------- Heat Dissipation 62 Energy Generation 18 Energy Capacity 275 Matter Stores 300 Matter Capacity 300 Sight Range 16 Terrain Scan Range 16 Terrain Scan Density 10 Armor Coverage 450 Resistance: KI 30 Evasion (%) 58 Target Analysis 5 Recoil Reduction 3 Offensive Hacking 10 Item Schematics ----------------- Grenade Launcher | -10/Materials | Hacked Robot Schematics ------------------ None Fabricated ------------ Nothing Repaired ---------- Imp. Light Cannon | 8% | -9/Materials Studied --------- None Alien Tech Used ----------------- None Achievements -------------- Exterminator Challenges ------------ None Game ------ Seed AssaultMatterScreen Manual? 0 Play Time 01:15:49 Cumulative 48.8 hours Start 2026.08.22 @ 07:23:51 End 2026.08.22 @ 08:48:14 Sessions 1 Manual Loads 0 Difficulty Rogue Special Mode None Game No. 63 Rogue 63 Adventurer 0 Explorer 0 Win Type - Total 0 Types 0/0/0/0/0/0/0/0/0/0 Lore% 22 Gallery% 31 Achievement% 24 Wizard Run 0 Options --------- Layout 0 ASCII 1 Keyboard 0 Movement Mouse Keybinds 0 Fullscreen 2 Font 18/SmallcapsGlow Map View 76x50 Zoom Use 0% Tactical HUD 1 Map Filters NONE Filters NONE Steam 1 RUN: 71e80f25-a3a2-4102-977d-226cf6c60bdd